[Event "Spanish Blitz Championship 2024"]
[Site "Mengibar"]
[Date "2024.08.16"]
[Round "3.7"]
[White "Ortega Ruiz, Jose Miguel"]
[Black "Khamrakulov, Ibragim S."]
[Result "0-1"]
[ECO "A04"]
[WhiteElo "2348"]
[BlackElo "2403"]
[Annotator "ChessBase"]
[PlyCount "100"]
[EventDate "2024.08.12"]
[EventType "swiss"]
[EventCountry "ESP"]
[SourceTitle "playchess.com"]
[Source "ChessBase"]
[SourceQuality "1"]
[TimeControl "180+2"]

1. Nf3 c5 2. g3 Nc6 3. Bg2 g6 4. O-O Bg7 5. d3 e6 6. e4 Nge7 7. c3 d5 8. a4 O-O 9. Na3 h6 10. Qe2 Rb8 11. Bf4 e5 12. Bd2 d4 13. cxd4 exd4 14. Bf4 Ra8 15. Nc4 Be6 16. Nfd2 g5 17. Bd6 b6 18. f4 Bxc4 19. Nxc4 Na5 20. Bxe7 Qxe7 21. Nxa5 bxa5 22. Qd2 Rab8 23. e5 Rb4 24. Bd5 gxf4 25. gxf4 Qd7 26. Bc4 Rfb8 27. b3 Kh8 28. f5 Rg8 29. e6 Bf8+ 30. Kf2 Qe7 31. Qf4 fxe6 32. Bxe6 Qg5 33. Qxg5 Rxg5 34. Rg1 Be7 35. Kf3 Rb8 36. Rxg5 hxg5 37. Ke4 Kg7 38. h4 Rh8 39. hxg5 Bxg5 40. Kd5 Rh2 41. Kxc5 Rd2 42. Rg1 Kf6 43. Kxd4 Re2 44. Kc4 Rc2+ 45. Kb5 Be3 46. Rh1 Rc5+ 47. Ka6 Rc6+ 48. Kb7 Rb6+ 49. Kc8 Bf4 50. Rh7 Rb8+ 0-1

[Event "Spanish Blitz Championship 2024"]
[Site "Mengibar"]
[Date "2024.08.16"]
[Round "3.8"]
[White "Horcajuelo Rocamora, Martin"]
[Black "Moreno Trujillo, Alejandro"]
[Result "0-1"]
[ECO "E11"]
[WhiteElo "2295"]
[BlackElo "2485"]
[Annotator "ChessBase"]
[PlyCount "87"]
[EventDate "2024.08.12"]
[EventType "swiss"]
[EventCountry "ESP"]
[SourceTitle "playchess.com"]
[Source "ChessBase"]
[SourceQuality "1"]
[TimeControl "180+2"]

1. d4 Nf6 2. c4 e6 3. Nf3 Bb4+ 4. Bd2 Bxd2+ 5. Qxd2 d5 6. Nc3 O-O 7. e3 Qe7 8. Qc2 Nbd7 9. Be2 dxc4 10. Bxc4 b6 11. O-O Bb7 12. e4 e5 13. d5 Ne8 14. Qe2 a6 15. Rac1 Nd6 16. Rfe1 Rfc8 17. Bb3 Nc5 18. Bc2 a5 19. Bd3 c6 20. dxc6 Bxc6 21. a3 f6 22. Bc4+ Nxc4 23. Qxc4+ Qf7 24. Qxf7+ Kxf7 25. Rcd1 Rd8 26. b4 Rxd1 27. Rxd1 axb4 28. axb4 Nxe4 29. Nxe4 Bxe4 30. Ne1 Ke6 31. f3 Bg6 32. Rc1 Kd6 33. b5 Be8 34. Nd3 Ra4 35. Nf2 f5 36. Rd1+ Rd4 37. Ra1 Bxb5 38. Ra7 Bd7 39. Ra1 b5 40. Kf1 b4 41. Ke1 b3 42. Rb1 Be6 43. Ra1 Bc4 44. Nd1 0-1

[Event "Spanish Blitz Championship 2024"]
[Site "Mengibar"]
[Date "2024.08.16"]
[Round "4.1"]
[White "Ibarra Jerez, Jose Carlos"]
[Black "Ruperez Benito, Antonio"]
[Result "1-0"]
[ECO "C00"]
[WhiteElo "2559"]
[BlackElo "2333"]
[Annotator "ChessBase"]
[PlyCount "77"]
[EventDate "2024.08.12"]
[EventType "swiss"]
[EventCountry "ESP"]
[SourceTitle "playchess.com"]
[Source "ChessBase"]
[SourceQuality "1"]
[TimeControl "180+2"]

1. e4 e6 2. d3 d5 3. Qe2 Nc6 4. Nf3 e5 5. exd5 Qxd5 6. Nc3 Bb4 7. Bd2 Bxc3 8. Bxc3 Bg4 9. h3 Bxf3 10. Qxf3 Nge7 11. Qxd5 Nxd5 12. Bd2 O-O-O 13. O-O-O Rd6 14. c3 Rf6 15. Be1 h5 16. h4 Rd8 17. g3 b5 18. Bh3+ Kb7 19. Bg2 Kb6 20. Bd2 Rfd6 21. Rhe1 Nde7 22. Kc2 a5 23. Be3+ Ka6 24. Bc5 Rf6 25. Rd2 b4 26. Bxe7 Nxe7 27. Rxe5 Nf5 28. Bh3 Nd6 29. Rxh5 Re8 30. Rg5 g6 31. f4 bxc3 32. bxc3 Re1 33. Re5 Rg1 34. Rg2 Rh1 35. Bg4 Nb5 36. Be2 Kb6 37. d4 Nd6 38. Bd3 Re1 39. Rxe1 1-0

[Event "Spanish Blitz Championship 2024"]
[Site "Mengibar"]
[Date "2024.08.16"]
[Round "4.2"]
[White "Herrera Reyes, Jose Antonio"]
[Black "Santos Ruiz, Miguel"]
[Result "0-1"]
[ECO "A06"]
[WhiteElo "2335"]
[BlackElo "2601"]
[Annotator "ChessBase"]
[PlyCount "170"]
[EventDate "2024.08.12"]
[EventType "swiss"]
[EventCountry "ESP"]
[SourceTitle "playchess.com"]
[Source "ChessBase"]
[SourceQuality "1"]
[TimeControl "180+2"]

1. Nf3 d5 2. g3 c6 3. Bg2 Bg4 4. d3 Nd7 5. O-O e6 6. c3 Bd6 7. Qb3 Rb8 8. Be3 Qa5 9. c4 Ne7 10. cxd5 exd5 11. Qc3 Qxc3 12. bxc3 Bc5 13. Bf4 Rc8 14. h3 Bf5 15. g4 Bg6 16. Nbd2 Bb6 17. Rfb1 Bc7 18. Be3 b6 19. a4 O-O 20. a5 f5 21. axb6 axb6 22. Bg5 Rfe8 23. Nd4 Nf6 24. gxf5 Bxf5 25. Ra7 Bd7 26. Bxf6 gxf6 27. N2f3 Red8 28. Rb7 b5 29. Ra1 Bb8 30. h4 Kf7 31. Ra6 Rc7 32. Rab6 Ba7 33. Rxc7 Bxb6 34. Rb7 Ba5 35. c4 bxc4 36. dxc4 dxc4 37. e3 c3 38. Bf1 Ke8 39. Bd3 c5 40. Nb5 Bxb5 41. Bxb5+ Kf8 42. Ba4 h6 43. h5 Nd5 44. Nh4 Nc7 45. Kg2 c4 46. Ng6+ Kg8 47. Nf4 Rd2 48. Ra7 Ra2 49. Bd1 c2 50. Bxc2 Rxc2 51. Rxa5 c3 52. Rc5 Na6 53. Rc6 Nb4 54. Rb6 Rb2 55. Rb8+ Kf7 56. Rb7+ Ke8 57. Rc7 c2 58. Ne2 Rb1 59. Rc4 Nd3 60. Rc6 Kd7 61. Rc3 Ke7 62. Rxd3 Re1 63. Rd2 Rxe2 64. Rxe2 c1=Q 65. Ra2 Qc6+ 66. Kg1 Qf3 67. Ra5 Qg4+ 68. Kh2 f5 69. Ra7+ Kd8 70. Ra8+ Kc7 71. Ra7+ Kb6 72. Ra2 Qxh5+ 73. Kg2 Qg4+ 74. Kf1 Qc4+ 75. Re2 Kc5 76. f3 Kd5 77. Kf2 Qh4+ 78. Kg2 Qg5+ 79. Kf2 h5 80. Rd2+ Ke6 81. Ra2 h4 82. Ra6+ Kd7 83. Ra7+ Kc6 84. Rh7 Qg3+ 85. Ke2 h3 0-1

[Event "Spanish Blitz Championship 2024"]
[Site "Mengibar"]
[Date "2024.08.16"]
[Round "4.3"]
[White "Martin Carmona, Gaston Manuel"]
[Black "Iturrizaga Bonelli, Eduardo"]
[Result "0-1"]
[ECO "A49"]
[WhiteElo "2340"]
[BlackElo "2577"]
[Annotator "ChessBase"]
[PlyCount "98"]
[EventDate "2024.08.12"]
[EventType "swiss"]
[EventCountry "ESP"]
[SourceTitle "playchess.com"]
[Source "ChessBase"]
[SourceQuality "1"]
[TimeControl "180+2"]

1. d4 Nf6 2. Nf3 g6 3. g3 Bg7 4. Bg2 c5 5. O-O O-O 6. c4 Na6 7. Nc3 d6 8. b3 Bf5 9. Bb2 Qd7 10. dxc5 Nxc5 11. Nd4 Bh3 12. Qc2 Rac8 13. Rad1 a6 14. Qd2 Rfd8 15. Nd5 Bxg2 16. Kxg2 b5 17. Nxf6+ Bxf6 18. cxb5 axb5 19. Nf3 Ne4 20. Qe3 Nxf2 21. Bxf6 Nxd1 22. Qxe7 Qxe7 23. Bxe7 Ne3+ 24. Kf2 Nxf1 25. Bxd8 Nxh2 26. Nxh2 Rxd8 27. a4 bxa4 28. bxa4 Ra8 29. Nf3 Rxa4 30. Ke3 h5 31. Kf2 Kg7 32. Ne1 g5 33. Nc2 Kg6 34. Ne3 f5 35. Nd5 Re4 36. Nc3 Re5 37. Kf3 Kf6 38. Nb1 g4+ 39. Kf2 Kg5 40. Nd2 f4 41. gxf4+ Kxf4 42. Nc4 g3+ 43. Kf1 Rd5 44. Kg2 h4 45. Kh3 Rd1 46. Kg2 d5 47. Nb2 Rd2 48. Nd3+ Rxd3 49. exd3 Kg4 0-1

[Event "Spanish Blitz Championship 2024"]
[Site "Mengibar"]
[Date "2024.08.16"]
[Round "4.4"]
[White "Luque Saiz, Andres"]
[Black "Santos Latasa, Jaime"]
[Result "0-1"]
[ECO "B21"]
[WhiteElo "2372"]
[BlackElo "2624"]
[Annotator "ChessBase"]
[PlyCount "98"]
[EventDate "2024.08.12"]
[EventType "swiss"]
[EventCountry "ESP"]
[SourceTitle "playchess.com"]
[Source "ChessBase"]
[SourceQuality "1"]
[TimeControl "180+2"]

1. e4 c5 2. d4 cxd4 3. c3 d3 4. Bxd3 Nc6 5. Nf3 d6 6. h3 Nf6 7. O-O e6 8. c4 Be7 9. Nc3 O-O 10. Bf4 Nd7 11. Rc1 Nde5 12. Be2 b6 13. Bg3 Bb7 14. Nd4 Rc8 15. b3 a6 16. Kh2 Re8 17. Nc2 Nb8 18. Qd2 Nbd7 19. f4 Nc6 20. Bf3 Qc7 21. Ne3 Qb8 22. Be1 Ba8 23. g4 b5 24. Bg3 Nc5 25. Rcd1 Red8 26. Qg2 Qb6 27. Rfe1 b4 28. Ne2 Nxb3 29. axb3 Qxe3 30. Nd4 Qc3 31. Bf2 Nxd4 32. Bxd4 Qxb3 33. g5 Rxc4 34. f5 Rc2 35. Re2 Rxe2 36. Bxe2 exf5 37. Qf2 Bxe4 38. Rc1 d5 39. Be5 Qa4 40. Rc7 Qe8 41. Bxa6 Bxg5 42. Bg3 f4 43. Bxf4 Bxf4+ 44. Qxf4 Qe6 45. Be2 Qf6 46. Qg3 h6 47. Rb7 Qd6 48. Qxd6 Rxd6 49. Rxb4 f5 0-1

[Event "Spanish Blitz Championship 2024"]
[Site "Mengibar"]
[Date "2024.08.16"]
[Round "4.5"]
[White "Lin, Yingrui"]
[Black "Chigaev, Maksim"]
[Result "0-1"]
[ECO "A49"]
[WhiteElo "2378"]
[BlackElo "2628"]
[Annotator "ChessBase"]
[PlyCount "75"]
[EventDate "2024.08.12"]
[EventType "swiss"]
[EventCountry "ESP"]
[SourceTitle "playchess.com"]
[Source "ChessBase"]
[SourceQuality "1"]
[TimeControl "180+2"]

1. d4 Nf6 2. Nf3 g6 3. g3 Bg7 4. c4 O-O 5. Bg2 d6 6. O-O Nbd7 7. b3 e5 8. dxe5 dxe5 9. Bb2 e4 10. Ne5 e3 11. f4 Ng4 12. Nc3 Ndxe5 13. Qxd8 Rxd8 14. fxe5 Bxe5 15. Rad1 Rd2 16. Ba1 c6 17. h3 Nf6 18. Ne4 Rxd1 19. Nxf6+ Bxf6 20. Rxd1 Bxa1 21. Rxa1 h5 22. Rd1 Bf5 23. c5 Re8 24. Rd4 Kf8 25. g4 hxg4 26. hxg4 Be6 27. Kh2 g5 28. Kg3 Kg7 29. Ra4 a6 30. Rb4 Bc8 31. Be4 Re5 32. Kf3 Rxc5 33. Kxe3 Re5 34. Kd4 Kf6 35. Kd3 a5 36. Ra4 Bxg4 37. Bxc6 Bxe2+ 38. Kd4 0-1

[Event "Spanish Blitz Championship 2024"]
[Site "Mengibar"]
[Date "2024.08.16"]
[Round "4.6"]
[White "Pazos Porta, Antonio"]
[Black "Pichot, Alan"]
[Result "0-1"]
[ECO "A15"]
[WhiteElo "2405"]
[BlackElo "2638"]
[Annotator "ChessBase"]
[PlyCount "126"]
[EventDate "2024.08.12"]
[EventType "swiss"]
[EventCountry "ESP"]
[SourceTitle "playchess.com"]
[Source "ChessBase"]
[SourceQuality "1"]
[TimeControl "180+2"]

1. c4 Nf6 2. g3 e5 3. Bg2 c6 4. d4 e4 5. Nc3 d5 6. Bg5 Bb4 7. Nh3 dxc4 8. O-O Bxc3 9. bxc3 Nbd7 10. Bxe4 h6 11. Bxf6 Nxf6 12. Bg2 O-O 13. Qc2 Re8 14. Rae1 c5 15. e3 Rb8 16. Nf4 Qd6 17. Rd1 cxd4 18. Rxd4 Qc5 19. Rfd1 b5 20. Nd5 Nxd5 21. Rxd5 Qc7 22. Qd2 Be6 23. Rd6 b4 24. Rc6 Qa5 25. cxb4 Qxb4 26. Qxb4 Rxb4 27. Bf1 Ra4 28. Rc1 Rxa2 29. Bxc4 Bxc4 30. R1xc4 Re7 31. Rc8+ Kh7 32. R8c7 Rxc7 33. Rxc7 Kg6 34. Kg2 a5 35. Ra7 a4 36. Kf3 a3 37. h4 h5 38. e4 Kf6 39. Ke3 g6 40. f3 Rg2 41. Rxa3 Rxg3 42. Ra6+ Ke7 43. Ra7+ Kf8 44. Ra8+ Kg7 45. e5 Rh3 46. Ra7 Kf8 47. Ra8+ Ke7 48. Ra7+ Ke6 49. Ke4 Rxh4+ 50. f4 Rh1 51. Ra6+ Ke7 52. Ra7+ Kf8 53. Kf3 Re1 54. Kg3 Re3+ 55. Kh4 Kg7 56. Ra4 Kh6 57. Rb4 Rf3 58. Ra4 Rxf4+ 59. Rxf4 g5+ 60. Kg3 gxf4+ 61. Kxf4 Kg6 62. Ke4 Kg5 63. Kf3 Kf5 0-1

[Event "Spanish Blitz Championship 2024"]
[Site "Mengibar"]
[Date "2024.08.16"]
[Round "4.7"]
[White "Khamrakulov, Ibragim S."]
[Black "Martin Duque, Jesus"]
[Result "1-0"]
[ECO "B10"]
[WhiteElo "2403"]
[BlackElo "2365"]
[Annotator "ChessBase"]
[PlyCount "113"]
[EventDate "2024.08.12"]
[EventType "swiss"]
[EventCountry "ESP"]
[SourceTitle "playchess.com"]
[Source "ChessBase"]
[SourceQuality "1"]
[TimeControl "180+2"]

1. e4 c6 2. c4 d5 3. cxd5 cxd5 4. exd5 Nf6 5. Nc3 Nxd5 6. Bc4 Nxc3 7. bxc3 Qc7 8. Bb3 e6 9. Nf3 Nd7 10. d4 Bd6 11. Qd3 b6 12. O-O Bb7 13. h3 O-O 14. Ng5 Nf6 15. f3 Bh2+ 16. Kh1 Bf4 17. Ne4 Nd5 18. c4 Nb4 19. Qc3 a5 20. Bxf4 Qxf4 21. Rae1 Rfd8 22. a3 Nc6 23. d5 exd5 24. cxd5 Ne7 25. d6 Nd5 26. Qd4 Rxd6 27. g3 Qh6 28. h4 Rdd8 29. Ng5 Qf6 30. Qe4 g6 31. Qe5 Kg7 32. Qxf6+ Nxf6 33. Bxf7 h6 34. Re7 hxg5 35. hxg5 Ng8 36. Rxb7 Rab8 37. Rxb8 Rxb8 38. Bxg8 Kxg8 39. f4 b5 40. Rb1 b4 41. axb4 axb4 42. Rb3 Kf7 43. Kg2 Ke6 44. Kf3 Kd5 45. g4 Kc4 46. Rb1 b3 47. f5 gxf5 48. gxf5 Kd5 49. Kg4 b2 50. g6 Ke5 51. Kg5 Rb3 52. Re1+ Kd6 53. f6 Rg3+ 54. Kh6 Re3 55. Rb1 Rh3+ 56. Kg7 Rh2 57. f7 1-0

[Event "Spanish Blitz Championship 2024"]
[Site "Mengibar"]
[Date "2024.08.16"]
[Round "4.8"]
[White "Moreno Trujillo, Alejandro"]
[Black "Rubio Mejia, Luis Ignacio"]
[Result "1-0"]
[ECO "A40"]
[WhiteElo "2485"]
[BlackElo "2367"]
[Annotator "ChessBase"]
[PlyCount "106"]
[EventDate "2024.08.12"]
[EventType "swiss"]
[EventCountry "ESP"]
[SourceTitle "playchess.com"]
[Source "ChessBase"]
[SourceQuality "1"]
[TimeControl "180+2"]

1. d4 b5 2. e4 Bb7 3. Bd3 e6 4. Nf3 a6 5. Qe2 Nf6 6. O-O c5 7. c3 Be7 8. Nbd2 cxd4 9. cxd4 Nc6 10. a3 O-O 11. e5 Nd5 12. Ne4 f5 13. exf6 Bxf6 14. Nxf6+ Qxf6 15. Qe4 Qf5 16. Qxf5 exf5 17. Bd2 g6 18. Rfe1 Rfe8 19. Kf1 Nf6 20. Bf4 Ne7 21. Ne5 Ned5 22. Bg5 Kg7 23. Rac1 Rac8 24. Bd2 h6 25. h3 d6 26. Nf3 Ne4 27. Ba5 Ndf6 28. Red1 Bd5 29. Nd2 Nxd2+ 30. Bxd2 Ne4 31. Bf4 Kf7 32. f3 Nf6 33. Bxd6 Bc4 34. Bxc4+ bxc4 35. Bc5 Nd5 36. Kf2 Rb8 37. Rd2 Nf4 38. Rxc4 Rb3 39. Rc3 Rxc3 40. bxc3 Nd5 41. Bb4 Rc8 42. Rc2 Rc4 43. Ke2 f4 44. Kd3 Ne3 45. g3 g5 46. gxf4 gxf4 47. Rc1 Rc6 48. c4 Rg6 49. Bd2 Nf5 50. Bxf4 Ke6 51. d5+ Kd7 52. c5 Rg2 53. c6+ Ke8 1-0

[Event "Spanish Blitz Championship 2024"]
[Site "Mengibar"]
[Date "2024.08.16"]
[Round "5.1"]
[White "Lianes Garcia, Marcos"]
[Black "Ibarra Jerez, Jose Carlos"]
[Result "0-1"]
[ECO "B20"]
[WhiteElo "2401"]
[BlackElo "2559"]
[Annotator "ChessBase"]
[PlyCount "124"]
[EventDate "2024.08.12"]
[EventType "swiss"]
[EventCountry "ESP"]
[SourceTitle "playchess.com"]
[Source "ChessBase"]
[SourceQuality "1"]
[TimeControl "180+2"]

1. e4 c5 2. g3 d5 3. exd5 Qxd5 4. Nf3 Bg4 5. Bg2 Qe6+ 6. Kf1 Nc6 7. h3 Bxf3 8. Bxf3 Qd7 9. Kg2 Nf6 10. Re1 e6 11. d3 Be7 12. Na3 Nd4 13. Nc4 O-O 14. Ne5 Qc7 15. c3 Nxf3 16. Qxf3 Rad8 17. Bg5 h6 18. Bd2 Rd5 19. Bf4 Bd6 20. Nc4 Bxf4 21. gxf4 Rf5 22. Re5 Rd8 23. Rae1 Rd5 24. Rxf5 Rxf5 25. Re5 g6 26. Rxf5 gxf5 27. Ne5 Qe7 28. Qg3+ Kh7 29. Qh4 Kg7 30. Qg3+ Kf8 31. Qh4 Ng8 32. Qg3 Qd8 33. Qf3 Qc7 34. Qg3 f6 35. Ng6+ Kf7 36. Nh8+ Kf8 37. Ng6+ Ke8 38. Ne5 Kf8 39. Ng6+ Ke8 40. Ne5 Ne7 41. Nc4 Qc6+ 42. Kg1 Kf7 43. Ne3 Qd6 44. Qh4 Ng6 45. Qxh6 Nxf4 46. Qh7+ Ke8 47. Qxb7 Nxh3+ 48. Kf1 Qxd3+ 49. Kg2 Nf4+ 50. Kh2 Qe4 51. Qxe4 fxe4 52. Kg1 Nd3 53. Nd1 Ke7 54. Kf1 Kd6 55. Ke2 f5 56. f3 Nf4+ 57. Ke3 Nd5+ 58. Ke2 exf3+ 59. Kxf3 e5 60. Nf2 e4+ 61. Ke2 Ke5 62. Nh3 Nf4+ 0-1

[Event "Spanish Blitz Championship 2024"]
[Site "Mengibar"]
[Date "2024.08.16"]
[Round "5.2"]
[White "Santos Ruiz, Miguel"]
[Black "Lopez Varela, Pablo"]
[Result "1-0"]
[ECO "B04"]
[WhiteElo "2601"]
[BlackElo "2362"]
[Annotator "ChessBase"]
[PlyCount "55"]
[EventDate "2024.08.12"]
[EventType "swiss"]
[EventCountry "ESP"]
[SourceTitle "playchess.com"]
[Source "ChessBase"]
[SourceQuality "1"]
[TimeControl "180+2"]

1. e4 Nf6 2. e5 Nd5 3. d4 d6 4. Nf3 g6 5. c4 Nb6 6. exd6 cxd6 7. h3 Bg7 8. Be2 O-O 9. Nc3 Nc6 10. O-O Bf5 11. d5 Na5 12. Nd4 Naxc4 13. a4 Na5 14. Nxf5 gxf5 15. Re1 Rc8 16. Bd3 Qd7 17. Bf4 Nac4 18. Qh5 e6 19. a5 Nxb2 20. Bb5 Qe7 21. axb6 a6 22. Bg5 Bf6 23. dxe6 Bxg5 24. exf7+ Qxf7 25. Qxg5+ Qg6 26. Qxg6+ hxg6 27. Na4 Nc4 28. Bd7 1-0

[Event "Spanish Blitz Championship 2024"]
[Site "Mengibar"]
[Date "2024.08.16"]
[Round "5.3"]
[White "Iturrizaga Bonelli, Eduardo"]
[Black "Moreno Trujillo, Alejandro"]
[Result "1-0"]
[ECO "A15"]
[WhiteElo "2577"]
[BlackElo "2485"]
[Annotator "ChessBase"]
[PlyCount "49"]
[EventDate "2024.08.12"]
[EventType "swiss"]
[EventCountry "ESP"]
[SourceTitle "playchess.com"]
[Source "ChessBase"]
[SourceQuality "1"]
[TimeControl "180+2"]

1. c4 Nf6 2. g3 c6 3. Qa4 g6 4. Bg2 Bg7 5. Nf3 O-O 6. O-O d5 7. d3 Nbd7 8. cxd5 cxd5 9. Nc3 Nc5 10. Qh4 e6 11. Bg5 Ncd7 12. Rac1 a6 13. a3 Qb6 14. Rc2 Qd6 15. Bf4 Qe7 16. Bg5 Qd6 17. d4 Re8 18. Rfc1 Qf8 19. Bd2 h6 20. Qf4 Nb6 21. Na4 Nxa4 22. Bb4 Bd7 23. Bxf8 Kxf8 24. Ne5 Bb5 25. Rc7 1-0

[Event "Spanish Blitz Championship 2024"]
[Site "Mengibar"]
[Date "2024.08.16"]
[Round "5.4"]
[White "Santos Latasa, Jaime"]
[Black "Suarez Gomez, Julio"]
[Result "1-0"]
[ECO "A06"]
[WhiteElo "2624"]
[BlackElo "2492"]
[Annotator "ChessBase"]
[PlyCount "37"]
[EventDate "2024.08.12"]
[EventType "swiss"]
[EventCountry "ESP"]
[SourceTitle "playchess.com"]
[Source "ChessBase"]
[SourceQuality "1"]
[TimeControl "180+2"]

1. Nf3 d5 2. e3 Nf6 3. c4 e6 4. b3 b6 5. Bb2 Bb7 6. cxd5 exd5 7. g3 Nbd7 8. Bg2 a6 9. O-O Bd6 10. Nc3 Qe7 11. Rc1 O-O 12. Re1 Nc5 13. d3 Ne6 14. Nh4 g6 15. Qd2 Rad8 16. Ne2 Bb4 17. Bxf6 Bxd2 18. Bxe7 Bxe1 19. Rxe1 1-0

[Event "Spanish Blitz Championship 2024"]
[Site "Mengibar"]
[Date "2024.08.16"]
[Round "5.5"]
[White "Chigaev, Maksim"]
[Black "Domingo Nunez, Ruben"]
[Result "0-1"]
[ECO "B06"]
[WhiteElo "2628"]
[BlackElo "2406"]
[Annotator "ChessBase"]
[PlyCount "68"]
[EventDate "2024.08.12"]
[EventType "swiss"]
[EventCountry "ESP"]
[SourceTitle "playchess.com"]
[Source "ChessBase"]
[SourceQuality "1"]
[TimeControl "180+2"]

1. d4 g6 2. e4 Bg7 3. Nc3 c6 4. h4 h5 5. Nf3 d5 6. e5 Bg4 7. Be2 Bxf3 8. Bxf3 e6 9. Ne2 Bh6 10. c3 Bxc1 11. Rxc1 Nh6 12. g3 Nf5 13. Bg2 g5 14. hxg5 Qxg5 15. Qd2 Qg7 16. Bf3 h4 17. Qf4 hxg3 18. Rxh8+ Qxh8 19. fxg3 Nd7 20. c4 dxc4 21. Rxc4 Nb6 22. Rb4 O-O-O 23. g4 Nh4 24. Rb3 Nxf3+ 25. Rxf3 Qh1+ 26. Rf1 Qh3 27. Qf3 Qh4+ 28. Qg3 Qh7 29. Qf4 Qb1+ 30. Kf2 Qxb2 31. Qxf7 Qxa2 32. g5 Nc4 33. Qxe6+ Kb8 34. Rc1 Rf8+ 0-1

[Event "Spanish Blitz Championship 2024"]
[Site "Mengibar"]
[Date "2024.08.16"]
[Round "5.6"]
[White "Pichot, Alan"]
[Black "Fernandez Borrego, Pablo"]
[Result "1-0"]
[ECO "C10"]
[WhiteElo "2638"]
[BlackElo "2393"]
[Annotator "ChessBase"]
[PlyCount "105"]
[EventDate "2024.08.12"]
[EventType "swiss"]
[EventCountry "ESP"]
[SourceTitle "playchess.com"]
[Source "ChessBase"]
[SourceQuality "1"]
[TimeControl "180+2"]

1. e4 e6 2. d4 d5 3. Nc3 dxe4 4. Nxe4 Nd7 5. Nf3 Be7 6. Be3 Ngf6 7. Nxf6+ Nxf6 8. Bd3 O-O 9. Qe2 b6 10. O-O-O Bb7 11. Ne5 c5 12. dxc5 Qc7 13. f4 Bxc5 14. Rhe1 Bxe3+ 15. Qxe3 Rad8 16. Kb1 Qc5 17. Qh3 g6 18. g4 Rd5 19. Qh4 Kg7 20. Qg3 Rfd8 21. f5 exf5 22. gxf5 Nh5 23. Qh4 Re8 24. Ng4 Rxe1 25. f6+ Kf8 26. Rxe1 Bc8 27. Nf2 Re5 28. Ne4 Qc6 29. Qf2 Bf5 30. Qd4 Qd5 31. Qxd5 Rxd5 32. Nc3 Rc5 33. Re7 Bxd3 34. cxd3 Nxf6 35. Rxa7 h5 36. Rb7 Rc6 37. d4 h4 38. Kc2 h3 39. Kd3 Ng4 40. d5 Rf6 41. Ne4 Rf3+ 42. Kd4 Nf2 43. Ng5 Rd3+ 44. Kc4 Rd2 45. Rxb6 Ng4 46. Nxh3 Nxh2 47. Ng5 Ng4 48. d6 Ne3+ 49. Kc3 Rd5 50. Ne4 Re5 51. Rb8+ Kg7 52. d7 Rxe4 53. d8=Q 1-0

[Event "Spanish Blitz Championship 2024"]
[Site "Mengibar"]
[Date "2024.08.16"]
[Round "5.7"]
[White "Moreno Tejera, Emilio"]
[Black "Khamrakulov, Ibragim S."]
[Result "0-1"]
[ECO "B20"]
[WhiteElo "2422"]
[BlackElo "2403"]
[Annotator "ChessBase"]
[PlyCount "44"]
[EventDate "2024.08.12"]
[EventType "swiss"]
[EventCountry "ESP"]
[SourceTitle "playchess.com"]
[Source "ChessBase"]
[SourceQuality "1"]
[TimeControl "180+2"]

1. e4 c5 2. d3 g6 3. f4 Bg7 4. Nf3 Nc6 5. Be2 e6 6. O-O d5 7. c3 Nge7 8. Be3 d4 9. Bf2 O-O 10. c4 e5 11. fxe5 Nxe5 12. Nxe5 Bxe5 13. Nd2 h6 14. Nf3 Bg7 15. Bg3 f5 16. Nd2 g5 17. exf5 Nxf5 18. Qb3 Qe7 19. Rae1 Qe3+ 20. Bf2 Qxd2 21. Bf3 Ne3 22. Re2 Qb4 0-1

[Event "Spanish Blitz Championship 2024"]
[Site "Mengibar"]
[Date "2024.08.16"]
[Round "5.8"]
[White "Bressac, Stephane"]
[Black "Vazquez Igarza, Renier"]
[Result "0-1"]
[ECO "B52"]
[WhiteElo "2253"]
[BlackElo "2504"]
[Annotator "ChessBase"]
[PlyCount "86"]
[EventDate "2024.08.12"]
[EventType "swiss"]
[EventCountry "ESP"]
[SourceTitle "playchess.com"]
[Source "ChessBase"]
[SourceQuality "1"]
[TimeControl "180+2"]

1. e4 c5 2. Nf3 d6 3. Bb5+ Bd7 4. Bxd7+ Qxd7 5. c4 Nc6 6. d4 cxd4 7. Nxd4 g6 8. b3 Bg7 9. Bb2 Nf6 10. Nc3 O-O 11. O-O a6 12. Nxc6 bxc6 13. Qe2 Qe6 14. Rfe1 Nd7 15. Na4 Bxb2 16. Qxb2 c5 17. Nc3 Qe5 18. Qd2 Nb8 19. Rad1 Nc6 20. Nd5 a5 21. Qh6 Ra7 22. Rd3 Qg7 23. Qh4 f6 24. f4 a4 25. Qg4 axb3 26. axb3 Qf7 27. h4 e6 28. Nc3 Nd4 29. Ne2 e5 30. Nxd4 cxd4 31. h5 Kh8 32. Rh3 gxh5 33. Rxh5 Rg8 34. Qh3 Ra2 35. g3 Rxg3+ 36. Qxg3 Qxh5 37. fxe5 Ra8 38. Kf2 fxe5 39. Qf3 Qh6 40. Rh1 Qd2+ 41. Kg3 Rg8+ 42. Kh4 Qh6+ 43. Qh5 Qf4+ 0-1

[Event "Spanish Blitz Championship 2024"]
[Site "Mengibar"]
[Date "2024.08.16"]
[Round "6.1"]
[White "Ibarra Jerez, Jose Carlos"]
[Black "Pichot, Alan"]
[Result "1/2-1/2"]
[ECO "C45"]
[WhiteElo "2559"]
[BlackElo "2638"]
[Annotator "ChessBase"]
[PlyCount "54"]
[EventDate "2024.08.12"]
[EventType "swiss"]
[EventCountry "ESP"]
[SourceTitle "playchess.com"]
[Source "ChessBase"]
[SourceQuality "1"]
[TimeControl "180+2"]

1. e4 e5 2. Nf3 Nc6 3. d4 exd4 4. Nxd4 Nf6 5. Nxc6 bxc6 6. Nd2 d5 7. exd5 cxd5 8. Bb5+ Bd7 9. Bxd7+ Qxd7 10. O-O Be7 11. b3 O-O 12. Bb2 h6 13. Qf3 Nh7 14. Rad1 Bf6 15. Bxf6 Nxf6 16. c4 c6 17. cxd5 cxd5 18. Qd3 a5 19. Nf3 Rab8 20. Nd4 a4 21. Rfe1 axb3 22. axb3 Ne4 23. Nf3 Rfd8 24. Rxe4 dxe4 25. Qxd7 Rxd7 26. Rxd7 exf3 27. gxf3 Rxb3 1/2-1/2

[Event "Spanish Blitz Championship 2024"]
[Site "Mengibar"]
[Date "2024.08.16"]
[Round "6.2"]
[White "Vazquez Igarza, Renier"]
[Black "Santos Ruiz, Miguel"]
[Result "0-1"]
[ECO "D43"]
[WhiteElo "2504"]
[BlackElo "2601"]
[Annotator "ChessBase"]
[PlyCount "67"]
[EventDate "2024.08.12"]
[EventType "swiss"]
[EventCountry "ESP"]
[SourceTitle "playchess.com"]
[Source "ChessBase"]
[SourceQuality "1"]
[TimeControl "180+2"]

1. d4 Nf6 2. c4 e6 3. Nf3 d5 4. Nc3 c6 5. cxd5 exd5 6. Bg5 h6 7. Bh4 Be7 8. e3 Bf5 9. Bxf6 Bxf6 10. Bd3 Bxd3 11. Qxd3 O-O 12. h4 g6 13. O-O-O Nd7 14. g4 Bg7 15. h5 g5 16. Qf5 Qe7 17. Rhe1 Qe6 18. Nh2 Qxf5 19. gxf5 Nf6 20. e4 dxe4 21. Nxe4 Rfe8 22. f3 Rad8 23. Kc2 Nxh5 24. Ng4 f6 25. Rh1 Nf4 26. Nexf6+ Bxf6 27. Nxf6+ Kg7 28. Nxe8+ Rxe8 29. Rde1 Rxe1 30. Rxe1 Kf6 31. Kd2 h5 32. Re8 h4 33. Ke3 h3 34. Rh8 0-1